 Dungeon Crawl Stone Soup version 0.28.0-43-g3370ac3207 (webtiles) character file.

Game seed: 772260700692242971

2179 vvl the Stinger (level 9, -4/57 (65) HPs)
             Began as a Demonspawn Venom Mage on Mar 29, 2022.
             Was a Follower of Kikubaaqudgha.
             Killed from afar by an orc wizard (9 damage)
             ... with a magic dart
             ... on level 7 of the Dungeon.
             The game lasted 00:23:33 (10772 turns).

vvl the Stinger (Demonspawn Venom Mage)            Turns: 10772, Time: 00:23:33

HP:   -4/57 (65)    AC:  4    Str: 14    XL:     9   Next: 11%
MP:   15/15         EV: 33    Int: 21    God:    Kikubaaqudgha [*.....]
Gold: 135           SH:  0    Dex: 16    Spells: 8/16 levels left

rFire   + + .      SeeInvis .   a - +9 quarterstaff "Sism" {spect, rPois rC+}
rCold   + . .      Faith    .   (shield currently unavailable)
rNeg    . . .      Spirit   .   d - +0 leather armour
rPois   +          Reflect  .   (helmet restricted)
rElec   .          Harm     .   (no cloak)
rCorr   +          Rampage  .   (no gloves)
Will    .....                   t - +0 pair of boots
Stlth   +++.......              f - amulet of the acrobat
HPRegen 0.19/turn               k - ring of resist corrosion
MPRegen 0.14/turn               s - ring "Eragam" {rF++ Str+6}

@: agile, marked, acrobatic, heavily drained
A: horns 1, thin skeletal structure 1, powered by pain 2
a: Renounce Religion, Receive Corpses


You were on level 7 of the Dungeon.
You worshipped Kikubaaqudgha.
Kikubaaqudgha was aware of your devotion.
You visited 2 branches of the dungeon, and saw 8 of its levels.

You collected 341 gold pieces.
You spent 206 gold pieces at shops.

Inventory:

Hand Weapons
 a - the +9 quarterstaff "Sism" (weapon) {spect, rPois rC+}
   (You found it on level 5 of the Dungeon)

   When its wielder attacks, the weapon's spirit leaps out and strikes again.
   The spirit shares a part of any damage it takes with its wielder.
   rC:        It protects you from cold.
   rPois:     It protects you from poison.
 c - a +4 dire flail of protection
 u - a +0 rapier
Armour
 d - a +0 leather armour (worn)
 t - a +0 pair of boots (worn)
Magical Staves
 p - a staff of earth
Jewellery
 f - an amulet of the acrobat (around neck)
 k - a ring of resist corrosion (left hand)
 s - the ring "Eragam" (right hand) {rF++ Str+6}
   (You acquired it on level 5 of the Dungeon)

   [ring of strength]

   Str:       It affects your strength (+6).
   rF:        It greatly protects you from fire.
Wands
 b - a wand of digging (5)
 m - a wand of flame (18)
 v - a wand of polymorph (8)
 D - a wand of mindburst (4)
Scrolls
 h - 2 scrolls of enchant armour
 i - a scroll of holy word
 n - a scroll of silence {unknown}
 o - a scroll of brand weapon {unknown}
 q - a scroll of summoning
 w - a scroll of vulnerability
 x - 2 scrolls of magic mapping
 y - a scroll of immolation
 B - a scroll of identify
Potions
 e - a potion of invisibility
 j - a potion of attraction
 l - 3 potions of flight {unknown}
 z - a potion of heal wounds {unknown}
 A - a potion of might {unknown}
 C - a potion of berserk rage {unknown}


   Skills:
 + Level 3.6 Fighting
 + Level 3.4 Armour
 + Level 4.1 Dodging
 - Level 2.0 Stealth
 + Level 4.0 Spellcasting
 + Level 2.8 Conjurations
 + Level 2.9 Necromancy
 + Level 3.5 Transmutations
 + Level 2.5 Earth Magic
 * Level 6.5 Poison Magic


You had 8 spell levels left.
You knew the following spells:

 Your Spells              Type           Power      Damage    Failure   Level
a - Sting                 Tmut/Pois      100%       1d8       1%          1
b - Olgreb's Toxic Radia  Pois           31%        N/A       10%         4
c - Stone Arrow           Conj/Erth      30%        3d8       14%         3

Your spell library contained the following spells:

 Spells                   Type           Power      Damage    Failure   Level
 Animate Skeleton         Necr           32%        N/A       4%          1
 Pain                     Necr           64%        1d7       4%          1
 Sandblast                Erth           30%        2d9       4%          1
 Passwall                 Tmut/Erth      14%        N/A       6%          2
 Poisonous Vapours        Pois/Air       36%        N/A       6%          2
 Shock                    Conj/Air       40%        1d5       9%          1
 Corpse Rot               Necr/Air       20%        N/A       12%         2
 Mephitic Cloud           Conj/Pois/Air  17%        N/A       12%         3
 Vampiric Draining        Necr           16%        2d7       13%         3
 Apportation              Tloc           8%         N/A       14%         1
 Blink                    Tloc           8%         N/A       22%         2
 Ozocubu's Armour         Ice            4%         N/A       41%         3
 Swiftness                Air            4%         N/A       41%         3
 Alistair's Intoxication  Tmut/Pois      16%        N/A       45%         5
 Airstrike                Air            2%         N/A       82%         4
 Manifold Assault         Tloc           4%         N/A       99%         5
 Metabolic Englaciation   Hex/Ice        2%         N/A       99%         5
 Simulacrum               Ice/Necr       5%         N/A       100%        6
 Storm Form               Tmut/Air       5%         N/A       100%        7


Dungeon Overview and Level Annotations

Branches:
Dungeon (7/15)             Temple (1/1) D:4

Altars:
Ashenzari
Cheibriados
Dithmenos
Elyvilon
Fedhas
Gozag
Kikubaaqudgha
Nemelex Xobeh
Okawaru
Qazlal
Ru
Trog
Uskayaw
Vehumet
Xom
Yredelemnul
Zin
The Shining One

Shops:
D:5 *(*?=

Annotations:
D:7 Harold


Innate Abilities, Weirdness & Mutations

You have a pair of small horns on your head.
You have a somewhat thin skeletal structure. (Dex +2, Stealth+)
You sometimes gain power by taking damage.


Message History

Deactivating autopickup; reactivate with Ctrl-A.
You can't see any susceptible monsters within range! (Use Z to cast anyway.) No target in view!
An orc wizard comes into view. It is wielding a +0 dagger.
There is a stone staircase leading down here.
You barely miss something. Your headbutt misses something.
Something hits you but does no damage.
You hear some strange, mumbled words.
You are confused.
You hit something. Your headbutt misses something.
Harold the Weathered comes into view.
He is wielding a +5 scimitar of electrocution, wearing a +2 scale mail of cold resistance and carrying a wand of paralysis (9).
You bump into the rock wall.
Harold shouts!
Harold barely misses you. The orc hits you with a +0 hand axe.
Harold fires a harpoon shot at you. The harpoon shot hits you!!
You focus on the pain.
You feel agile all of a sudden.
You are yanked forward by the harpoon shot.
The orc completely misses you.
You bump into the rock wall.
You feel less confused.
Harold hits you with a +5 scimitar of electrocution!
Unknown command.
The orc completely misses you. Harold fires a harpoon shot at you.
The harpoon shot hits you!!
* * * LOW HITPOINT WARNING * * *
You are yanked forward by the harpoon shot.
The orc barely misses you. Harold gestures at you while chanting.
A sentinel's mark forms upon you.
As you read the scroll of fear, it crumbles to dust.
You assume a fearsome visage.
Harold looks frightened!
The orc looks frightened!
The orc wizard looks frightened!
The orc wizard casts a spell.
The orc wizard flickers and vanishes!
A magic dart appears from out of thin air!
The magic dart hits you!
You die...
Kikubaaqudgha rasps: "You have failed me!
Welcome... death!"

.. .... #.#
#.###.# #.#
#..>..# #.#
####{.# #.# #.@#
#.# #.o# #.# #..#
##.########..#
#..@..{o.....# ##
#..#########.# #.
#..# #.# #.
#########..# #.#
#.
#..........#######
#.######.
#.#######.....<..#
#.....z.. #.#
########.#
######### #.# #.#
#.# #.#


You could see an orc.

Vanquished Creatures
  Eustachio (D:4)
  Edmund (D:4)
  Duvessa (D:7)
  An ice beast (D:7)
  A sky beast (D:5)
  2 black bears (D:6)
  3 necrophages
  A centaur (D:6)
  A phantom (D:3)
  2 scorpions
  A wyvern zombie (D:7)
  2 water moccasin skeletons
  Dowan (D:7)
  2 wights (D:7)
  A bullfrog zombie (D:6)
  2 centaur zombies
  A jelly (D:6)
  A hound (D:5)
  A centaur skeleton (D:7)
  2 orc wizards (D:6)
  Natasha (thrice) (D:2)
  5 iguanas
  Terence (D:2)
  A hound zombie (D:5)
  5 adders
  A shadow imp (D:6)
  2 white imps
  2 ufetubi
  An adder skeleton (D:2)
  A worm (D:2)
  2 dart slugs
  9 orcs
  7 endoplasms
  9 giant cockroaches (D:2)
  7 goblins
  7 hobgoblins
  4 quokkas
  7 ball pythons
  5 bats
  6 frilled lizards
  5 kobolds
  8 rats
126 creatures vanquished.

Notes
Turn   | Place    | Note
-------+----------+-------------------------------------------
     0 | D:1      | vvl the Demonspawn Venom Mage began the quest for the Orb.
     0 | D:1      | Reached XP level 1. HP: 13/13 MP: 3/3
   337 | D:1      | Reached skill level 1 in Transmutations
   482 | D:1      | Gained mutation: You sometimes gain a little power by
                  | taking damage. [demonic ancestry]
   482 | D:1      | Reached XP level 2. HP: 19/19 MP: 3/5
   737 | D:1      | Found a faded altar of an unknown god.
  1223 | D:2      | Noticed Terence
  1305 | D:2      | HP: 1/20 [giant cockroach (2)]
  1439 | D:3      | Gained mutation: You have a somewhat thin skeletal
                  | structure. (Dex +2, Stealth+) [demonic ancestry]
  1439 | D:3      | Reached XP level 3. HP: 11/25 MP: 0/6
  2504 | D:2      | Reached skill level 1 in Armour
  2730 | D:2      | Reached XP level 4. HP: 31/31 MP: 3/7
  2924 | D:2      | Noticed Natasha
  2932 | D:2      | Killed Natasha
  2933 | D:2      | Reached skill level 1 in Fighting
  2992 | D:2      | Noticed Natasha
  3025 | D:2      | Killed Natasha
  3026 | D:2      | Reached skill level 4 in Poison Magic
  3107 | D:2      | You fall into a shaft and drop 1 floor!
  3201 | D:2      | Killed Terence
  3202 | D:2      | Gained mutation: You sometimes gain power by taking damage.
                  | [demonic ancestry]
  3202 | D:2      | Reached XP level 5. HP: 10/37 MP: 1/8
  3556 | D:2      | Noticed Natasha
  3562 | D:2      | Killed Natasha
  4350 | D:3      | Found a sacrificial altar of Ru.
  4488 | D:4      | Noticed Eustachio
  4501 | D:4      | Killed Eustachio
  4502 | D:4      | Reached XP level 6. HP: 35/44 MP: 1/10
  5089 | D:3      | Learned a level 4 spell: Olgreb's Toxic Radiance
  5093 | D:3      | Learned a level 3 spell: Stone Arrow
  5737 | D:4      | Noticed Edmund
  5757 | D:4      | Killed Edmund
  5758 | D:4      | Reached skill level 1 in Conjurations
  5758 | D:4      | Reached skill level 5 in Poison Magic
  5758 | D:4      | Reached XP level 7. HP: 22/51 MP: 6/11
  5939 | D:4      | Found a staircase to the Ecumenical Temple.
  6167 | Temple   | Entered the Ecumenical Temple
  6221 | Temple   | Became a worshipper of Kikubaaqudgha
  6706 | D:5      | Entered Level 5 of the Dungeon
  6847 | D:5      | Found Lonurgh's Jewellery Shop.
  6866 | D:5      | Identified the +9 quarterstaff "Sism" {spect, rPois rC+}
  6888 | D:5      | Found Omoy's General Store.
  6896 | D:5      | Bought a scroll of enchant armour for 75 gold pieces
  6896 | D:5      | Bought a scroll of magic mapping for 35 gold pieces
  6896 | D:5      | Bought a scroll of identify for 20 gold pieces
  6896 | D:5      | Bought a scroll of identify for 20 gold pieces
  6931 | D:5      | Found Decus's Assorted Antiques.
  7060 | D:5      | Found Wedduko's Magic Scroll Emporium.
  7068 | D:5      | Identified a scroll of acquirement
  7070 | D:5      | Acquired the ring "Eragam" {rF++ Str+6}
  7086 | D:5      | Reached skill level 1 in Earth Magic
  7099 | D:5      | Found a bloodstained altar of Trog.
  7510 | D:5      | Found a hide-covered altar of Uskayaw.
  7545 | D:5      | Found Luntitoz's Weapon Emporium.
  7551 | D:5      | Reached skill level 1 in Necromancy
  7931 | D:5      | Bought a scroll of identify for 28 gold pieces
  7931 | D:5      | Bought a scroll of identify for 28 gold pieces
  8050 | D:6      | Gained mutation: You have a pair of small horns on your
                  | head. [demonic ancestry]
  8050 | D:6      | Reached XP level 8. HP: 4/57 MP: 10/13
  8561 | D:6      | Reached * piety under Kikubaaqudgha
  8561 | D:6      | Received a gift from Kikubaaqudgha
  8708 | D:6      | Reached skill level 6 in Poison Magic
  9325 | D:6      | Noticed an angel
  9582 | D:7      | Noticed Duvessa
  9582 | D:7      | Noticed Dowan
  9595 | D:7      | Killed Duvessa
  9598 | D:7      | Killed Dowan
  9861 | D:7      | Reached XP level 9. HP: 35/62 MP: 11/15
 10752 | D:7      | Noticed Harold
 10760 | D:7      | HP: 2/57 [Harold/harpoon shot (18)]
 10772 | D:7      | Killed from afar by an orc wizard

Illustrated notes

Levels and vault maps discovered:
D:1:      dpeg_arrival_radiant, layout_basic,
          shapermc_ecumenical_altar_flowoftime
D:2:      minmay_roachtagon, layout_basic, hangedman_decor_lopped, uniq_terence,
          uniq_natasha
D:3:      layout_rooms, nicolae_ru_path_of_blood, nicolae_figureground_pulse
D:4:      layout_layer_cave, minmay_temple_entry_waves, uniq_eustachio,
          uniq_edmund
D:5:      layout_basic, jmf_multi_god_temple,
          mainiacjoe_overflow_concentric_impassable, serial_shops,
          nicolae_shop_waterfront, nicolae_shop_crystal, shop, shop,
          nicolae_stop_n_shop_2
D:6:      layout_rooms, zin_angel, st_stairs_9
D:7:      layout_loops_ring, mainiacjoe_overflow_small_starburst, uniq_duvessa,
          uniq_harold
Temple:   dshaligram_water_room_temple

Skill      XL: |  1  2  3  4  5  6  7  8 |
---------------+-------------------------+-----
Transmutations | 1 2 3 |  3.5
Stealth        | 2 |  2.0
Dodging        | 2 3 4 |  4.1
Armour         | 1 2 3 |  3.4
Fighting       | 1 2 3 |  3.6
Poison Magic   | 4 5 6 |  6.5
Spellcasting   | 3 4 |  4.0
Conjurations   | 1 2 |  2.8
Earth Magic    | 1 2 |  2.5
Necromancy     | 1 2 |  2.9

Action                   |  1- 3 |  4- 6 |  7- 9 || total
-------------------------+-------+-------+-------++-------
Melee: Unarmed           |    10 |       |       ||    10
       Short sword       |    84 |    40 |       ||   124
       Punch             |       |     5 |       ||     5
       Rapier            |       |    62 |    10 ||    72
       Quarterstaff      |       |       |    74 ||    74
       Headbutt          |       |       |    10 ||    10
 Cast: Sting             |    47 |    64 |    72 ||   183
       Olgreb's Toxic Ra |       |       |     1 ||     1
  Use: Scroll            |     4 |     1 |     9 ||    14
       Potion            |       |     5 |       ||     5
 Stab: Sleeping          |     1 |     4 |     2 ||     7
Armor: Robe              |    53 |     1 |       ||    54
       Leather armour    |       |    23 |    35 ||    58
       Skin              |       |    25 |       ||    25
Dodge: Dodged            |   136 |    85 |   106 ||   327
